AoeStats
← Sanwald

Arabian Desert

510726217Analyzed
1v1 RM · 8h ago on Oct 2, 2026· 45m 22s· 2 players
Game mode
Random Map
Map size
Tiny (2 player)
Population
200
Speed
Normal
Resources
Standard
Victory
Conquest
Starting age
Dark Age
Ending age
Imperial Age
RankedLock teamsTeams togetherTeam positionsShared explorationLock speedFull tech treeHidden civsTurbo modeCheats
Victory
Defeat
🇮🇳 Bohemians · India
2027
+16
🇩🇪 Dravidians · Germany
2032
-16
baby
7:27 Loom
9:38 Feudal Age
10:12 Double-Bit Axe
10:17 Horse Collar
17:19 Wheelbarrow
16:52 Fletching
22:00 Castle Age
20:53 Padded Archer Armor
22:04 Crossbowman
22:56 Bodkin Arrow
26:01 Chemistry
24:40 Elite Skirmisher
27:11 Ballistics
31:14 Town Watch
33:11 Leather Archer Armor
34:18 Fervor
37:33 Imperial Age
38:16 Bracer
39:33 Ring Archer Armor
40:33 Conscription
Sanwald
6:28 Loom
8:44 Feudal Age
8:56 Man-at-Arms
9:34 Double-Bit Axe
13:51 Fletching
17:40 Wheelbarrow
21:50 Castle Age
20:40 Gold Mining
20:33 Horse Collar
22:04 Padded Archer Armor
22:31 Bodkin Arrow
21:56 Crossbowman
24:08 Ballistics
24:36 Bow Saw
26:53 Thumb Ring
27:01 Town Watch
34:24 Imperial Age
31:48 Stone Mining
33:06 Leather Archer Armor
35:07 Bracer
36:08 Chemistry
35:43 Arbalester
39:36 Ring Archer Armor
41:49 Scale Barding Armor
42:57 Chain Barding Armor
44:16 Husbandry
43:40 Light Cavalry
Connection lost

Rejoining the realm…

Still unreachable

The connection could not be restored.

Session expired

The server has moved on; the page needs a fresh start.